 Dungeon Crawl Stone Soup version 0.31.0-32-g396128a36d (webtiles) character file.

Game seed: 13925122888321385317

458 xight the Magician (level 6, -7/35 HPs)
             Began as a Deep Elf Fire Elementalist on Apr 14, 2024.
             Mangled by an ogre
             ... wielding a +0 giant club
              (34 damage)
             ... on level 5 of the Dungeon.
             The game lasted 00:05:58 (3257 turns).

xight the Magician (Deep Elf Fire Elementalist)     Turns: 3257, Time: 00:05:59

Health: -7/35      AC:  2    Str:  5    XL:     6   Next: 77%
Magic:  4/16       EV: 12    Int: 22    God:
Gold:   241        SH:  0    Dex: 15    Spells: 7/16 levels left

rFire   . . .        (no weapon)
rCold   . . .        (no shield)
rNeg    . . .        a - +0 robe
rPois   .            (no helmet)
rElec   .            (no cloak)
rCorr   .            (no gloves)
SInv    .            (no boots)
Will    +....        l - amulet of magic regeneration
Stlth   ++           i - ring of willpower
HPRegen 0.25/turn    (no ring)
MPRegen 0.55/turn

%: no passive effects
@: no status effects
A: no striking features
a: no special abilities


You were on level 5 of the Dungeon.
You visited 1 branch of the dungeon, and saw 5 of its levels.

You collected 241 gold pieces.

Inventory:

Missiles
 h - a throwing net
Armour
 a - a +0 robe (worn)
 e - a +0 cloak
Jewellery
 i - a ring of willpower (left hand)
 l - an amulet of magic regeneration (around neck)
Scrolls
 d - 4 scrolls of teleportation
Potions
 b - a potion of magic
 c - 2 potions of lignification
 f - 2 potions of attraction
 g - a potion of berserk rage {unknown}
 j - a potion of heal wounds {unknown}
 k - a potion of cancellation {unknown}


   Skills:
 + Level 1.9 Fighting
 - Level 2.4 Dodging
 - Level 2.4 Stealth
 * Level 5.7 Spellcasting
 * Level 4.1 Conjurations
 * Level 5.2 Fire Magic


You had 7 spell levels left.
You knew the following spells:

 Your Spells              Type           Power      Damage    Failure   Level
a - Foxfire               Conj/Fire      100%       2x1d9     1%          1
b - Scorch                Fire           58%        2d7       1%          2
c - Volatile Blastmotes   Fire/Tloc      34%        2d12      10%         3
d - Inner Flame           Hex/Fire       17%        N/A       10%         3

Your spell library contained the following spells:

 Spells                   Type           Power      Damage    Failure   Level
 Flame Wave               Conj/Fire      27%        2d9       13%         4
 Mercury Vapours          Alch/Air       12%        N/A       14%         2
 Mephitic Cloud           Conj/Alch/Air  12%        N/A       16%         3
 Animate Armour           Summ/Erth      12%        N/A       67%         4
 Summon Lightning Spire   Summ/Air       6%         N/A       67%         4
 Freezing Cloud           Conj/Ice/Air   6%         6-21      82%         5
 Lee's Rapid Deconstruct  Erth           3%         3d5*      95%         5


Dungeon Overview and Level Annotations

Branches:
Dungeon (5/15)
 Temple: D:4-7

Altars:


Message History

Grinder is moderately wounded.
Grinder's fire resistance burns away.
The ogre shouts!
Prince Ribbit croaks regally.
Casting: Scorch (safe; 2% risk of failure)
Confirm with . or Enter, or press ? or * to list all spells.
Flames lash Prince Ribbit.
You kill Prince Ribbit!
Grinder gestures at you. Pain shoots through your body!
Your Conjurations skill increases to level 4!
Your Fire Magic skill increases to level 5!
You have reached level 6!
Casting: Scorch (safe; 1% risk of failure)
Confirm with . or Enter, or press ? or * to list all spells.
Flames lash Grinder.
Grinder is burned terribly!
Grinder is heavily wounded.
You hear a shout!
Casting: Scorch (safe; 1% risk of failure)
Confirm with . or Enter, or press ? or * to list all spells.
Flames lash Grinder.
Grinder is burned terribly!
Grinder is severely wounded.
Grinder closely misses you.
Casting: Scorch (safe; 1% risk of failure)
Confirm with . or Enter, or press ? or * to list all spells.
Flames lash Grinder.
Grinder is burned terribly!
Grinder is almost dead.
Grinder misses you.
Casting: Scorch (safe; 1% risk of failure)
Confirm with . or Enter, or press ? or * to list all spells.
Flames lash the ogre.
The ogre is moderately wounded.
The ogre's fire resistance burns away.
Grinder barely misses you.
Casting: Scorch (safe; 1% risk of failure)
Confirm with . or Enter, or press ? or * to list all spells.
Flames lash Grinder.
Grinder is burned terribly!
You kill Grinder!
The ogre hits you with a +0 giant club!!
Ouch! That really hurt!
You die...

#####
#...#
#..@#
#..O#
#...#
......
.......#
....#.#.!#
.....<....
....#.#...


You could see an ogre (combustible).

Vanquished Creatures
  Grinder (D:5)
  Prince Ribbit (D:5)
  Eustachio (D:4)
  Jessica (D:3)
  3 adders
  A shadow imp (D:4)
  2 ribbon worms
  9 ball pythons
  7 endoplasms
  5 giant cockroaches
  5 goblins
  4 hobgoblins
  5 kobolds
  2 quokkas
  3 bats (D:1)
  5 frilled lizards
  8 rats
63 creatures vanquished.

Vanquished Creatures (collateral kills)
  A foxfire (D:1)
1 creature vanquished.

Vanquished Creatures (others)
  170 foxfires
170 creatures vanquished.

Grand Total: 234 creatures vanquished

Notes
Turn   | Place    | Note
-------+----------+-------------------------------------------
     0 | D:1      | xight the Deep Elf Fire Elementalist began the quest for
                  | the Orb.
     0 | D:1      | Reached XP level 1. HP: 10/10 MP: 6/6
   370 | D:1      | Reached XP level 2. HP: 15/15 MP: 6/8
   377 | D:1      | Learned a level 2 spell: Scorch
  1284 | D:2      | Reached XP level 3. HP: 20/20 MP: 7/10
  1362 | D:2      | Learned a level 3 spell: Volatile Blastmotes
  2180 | D:2      | Learned a level 3 spell: Inner Flame
  2427 | D:3      | Noticed Jessica
  2459 | D:3      | Reached XP level 4. HP: 24/24 MP: 7/12
  2461 | D:3      | Killed Jessica
  2462 | D:3      | Reached skill level 1 in Fighting
  3208 | D:4      | Noticed Eustachio
  3220 | D:4      | Killed Eustachio
  3221 | D:4      | Reached skill level 5 in Spellcasting
  3221 | D:4      | Reached XP level 5. HP: 29/29 MP: 6/14
  3241 | D:4      | You fall into a shaft and drop 1 floor!
  3241 | D:5      | Entered Level 5 of the Dungeon
  3242 | D:5      | Noticed Grinder
  3245 | D:5      | Noticed Prince Ribbit
  3250 | D:5      | Noticed an ogre
  3252 | D:5      | Killed Prince Ribbit
  3253 | D:5      | Reached skill level 5 in Fire Magic
  3253 | D:5      | Reached XP level 6. HP: 25/35 MP: 11/16
  3257 | D:5      | Killed Grinder
  3257 | D:5      | Mangled by an ogre

Illustrated notes

Levels and vault maps discovered:
D:1:      scummos_arrival_hexagon, layout_loops_cross, minmay_hedge_maze
D:2:      layout_basic
D:3:      layout_basic, uniq_jessica
D:4:      layout_layer_cave, gup_sewer_entry_glass, uniq_eustachio
D:5:      layout_basic, minmay_temple_entry_drinking_statues,
          chequers_big_river, st_stairs_14, uniq_prince_ribbit1, uniq_grinder,
          uniq_crazy_yiuf_cottage

Skill      XL: |  1  2  3  4  5 |
---------------+----------------+-----
Conjurations   | 2 3 4 |  4.1
Spellcasting   | 4 5 |  5.7
Fire Magic     | 4 5 |  5.2
Fighting       | 1 |  1.9
Dodging        | |  2.4
Stealth        | |  2.4

Action                     |  1- 3 |  4- 6 || total
---------------------------+-------+-------++-------
   Cast: Foxfire           |    75 |    26 ||   101
         Scorch            |    12 |    13 ||    25
    Use: Scroll            |     8 |     1 ||     9
         Potion            |       |     1 ||     1
 Armour: Robe              |     4 |     1 ||     5
  Dodge: Dodged            |     7 |     3 ||    10
